A- EAST
MYRTLE BEACH PELICANS @ AUGUSTA GREENJACKETS
06/19/2042
 
TOP OF THE 1ST
Myrtle Beach Pelicans batting - Pitching for Augusta GreenJackets : LHP Gus Jacobs
Pitching: LHP Gus Jacobs
Batting: RHB José Rivera 0-0: Foul Ball, location: 2F
0-1: Ball
1-1: Swinging Strike
1-2: Foul Ball, location: 9LSF
1-2: Strikes out looking
Batting: RHB Derek Miller 0-0: Ball
1-0: Ball
2-0: Fly out, F8 (Flyball, 8RD, EV 105.6 MPH)
Batting: SHB Freddy Sandoval 0-0: Ball
1-0: Ball
2-0: Ball
3-0: Called Strike
3-1: Ground out 6-3 (Groundball, 6S, EV 78.8 MPH)
Top of the 1st over - 0 runs, 0 hits, 0 errors, 0 left on base; Myrtle Beach 0 - Augusta 0
BOTTOM OF THE 1ST
Augusta GreenJackets batting - Pitching for Myrtle Beach Pelicans : LHP Joe Hartley
Pitching: LHP Joe Hartley
Batting: RHB Jesús Gonzáles 0-0: Swinging Strike
0-1: Swinging Strike
0-2: Ball
1-2: Strikes out swinging
Batting: RHB Sam Nicholas 0-0: Ball
1-0: Ball
2-0: Foul Ball, location: 2F
2-1: Swinging Strike
2-2: DOUBLE (Line Drive, 9LM, EV 101.9 MPH)
Batting: LHB Raúl Flores 0-0: Called Strike
0-1: Ball
1-1: Ball
2-1: Called Strike
2-2: DOUBLE (Line Drive, 89D, EV 105.0 MPH)
Sam Nicholas scores
Batting: RHB José García 0-0: Ball
1-0: Swinging Strike
1-1: Hit by Pitch
Batting: LHB David Cruz 0-0: Ball
1-0: Foul Ball, location: 7LSF
1-1: Foul Ball, location: 3SF
1-2: DOUBLE (Line Drive, 9LS, EV 95.0 MPH)
Raúl Flores scores
José García to third
Batting: RHB Steve Roberts 0-0: Ball
1-0: Ball
2-0: Ball
3-0: Swinging Strike
3-1: Swinging Strike
3-2: Strikes out swinging
Batting: SHB Phil Román 0-0: Ground out 4-3 (Groundball, 4, EV 92.5 MPH)
Bottom of the 1st over - 2 runs, 3 hits, 0 errors, 2 left on base; Myrtle Beach 0 - Augusta 2
TOP OF THE 2ND
Myrtle Beach Pelicans batting - Pitching for Augusta GreenJackets : LHP Gus Jacobs
Batting: RHB Nick Whitehead 0-0: SINGLE (Groundball, 56, EV 103.1 MPH) (infield hit)
Batting: RHB Doug Cook 0-0: Called Strike
0-1: Ball
1-1: Swinging Strike
1-2: Ball
2-2: Foul Ball, location: 23FF
2-2: Strikes out swinging
Batting: RHB Ernesto Salas 0-0: Called Strike
0-1: DOUBLE (Groundball, 5L, EV 101.3 MPH)
Nick Whitehead to third
Batting: RHB Pepe Ramírez 0-0: Called Strike
0-1: Called Strike
0-2: Ball
Passed Ball!
Nick Whitehead scores
Ernesto Salas to third
1-2: Ball
2-2: Strikes out looking
Batting: RHB Ernesto López 0-0: Foul Ball, location: 7LSF
0-1: Ball
1-1: Foul Ball, location: 2RF
1-2: Strikes out looking
Top of the 2nd over - 1 run, 2 hits, 0 errors, 1 left on base; Myrtle Beach 1 - Augusta 2
BOTTOM OF THE 2ND
Augusta GreenJackets batting - Pitching for Myrtle Beach Pelicans : LHP Joe Hartley
Batting: RHB Steve Mason 0-0: Called Strike
0-1: Ground out 6-3 (Groundball, 6, EV 103.1 MPH)
Batting: RHB Dylan Younger 0-0: Ball
1-0: Foul Ball, location: 23F
1-1: Ball
2-1: Ball
3-1: SOLO HOME RUN (Line Drive, 9D, EV 103.1 MPH), Distance : 396 ft
Batting: RHB Jesús Gonzáles 0-0: Ground out 4-3 (Groundball, 34, EV 91.9 MPH)
Batting: RHB Sam Nicholas 0-0: Ball
1-0: Called Strike
1-1: Foul Ball, location: 2F
1-2: Foul Ball, location: 7LSFF
1-2: Ball
2-2: Foul Ball, location: 9LSF
2-2: Fly out, F5 (Line Drive, 5L, EV 68.8 MPH)
Bottom of the 2nd over - 1 run, 1 hit, 0 errors, 0 left on base; Myrtle Beach 1 - Augusta 3
TOP OF THE 3RD
Myrtle Beach Pelicans batting - Pitching for Augusta GreenJackets : LHP Gus Jacobs
Batting: RHB Orlando Merhil 0-0: Foul Ball, location: 2F
0-1: Ball
1-1: Ground out U3 (Groundball, 3L, EV 88.8 MPH)
Batting: RHB José Rivera 0-0: Called Strike
0-1: Called Strike
0-2: Foul Ball, location: 2F
0-2: Ball
1-2: Strikes out swinging
Batting: RHB Derek Miller 0-0: Ball
1-0: Foul Ball, location: 2F
1-1: Ball
2-1: Swinging Strike
2-2: Ground out 6-3 (Groundball, 6, EV 90.0 MPH)
Top of the 3rd over - 0 runs, 0 hits, 0 errors, 0 left on base; Myrtle Beach 1 - Augusta 3
BOTTOM OF THE 3RD
Augusta GreenJackets batting - Pitching for Myrtle Beach Pelicans : LHP Joe Hartley
Batting: LHB Raúl Flores 0-0: Ball
1-0: Ground out U3 (Groundball, 34, EV 102.5 MPH)
Batting: RHB José García 0-0: Ball
1-0: Ball
2-0: Ball
3-0: Called Strike
3-1: Called Strike
3-2: Strikes out swinging
Batting: LHB David Cruz 0-0: Ball
1-0: Swinging Strike
1-1: Foul Ball, location: 2F
1-2: Ground out 6-3 (Groundball, 4MS, EV 81.9 MPH)
Bottom of the 3rd over - 0 runs, 0 hits, 0 errors, 0 left on base; Myrtle Beach 1 - Augusta 3
TOP OF THE 4TH
Myrtle Beach Pelicans batting - Pitching for Augusta GreenJackets : LHP Gus Jacobs
Batting: SHB Freddy Sandoval 0-0: Called Strike
0-1: Ball
1-1: Fly out, F8 (Flyball, 8LM, EV 83.1 MPH)
Batting: RHB Nick Whitehead 0-0: Ball
1-0: Ball
2-0: Ball
3-0: Called Strike
3-1: Called Strike
3-2: Base on Balls
Batting: RHB Doug Cook 0-0: Called Strike
0-1: Ball
1-1: SINGLE (Groundball, 25, EV 67.5 MPH) (infield hit)
Nick Whitehead to second
Batting: RHB Ernesto Salas 0-0: Ball
Wild Pitch!
Nick Whitehead to third
Doug Cook to second
1-0: Called Strike
1-1: Swinging Strike
1-2: Foul Ball, location: 9LMF
1-2: SINGLE (Line Drive, 89S, EV 107.5 MPH)
Nick Whitehead scores
Doug Cook to third
Batting: RHB Pepe Ramírez 0-0: Ball
1-0: Foul Ball, location: 25FF
1-1: Called Strike
1-2: Grounds into double play, 6-4-3 (Groundball, 6, EV 86.3 MPH)
Top of the 4th over - 1 run, 2 hits, 0 errors, 1 left on base; Myrtle Beach 2 - Augusta 3
BOTTOM OF THE 4TH
Augusta GreenJackets batting - Pitching for Myrtle Beach Pelicans : LHP Joe Hartley
Batting: RHB Steve Roberts 0-0: Swinging Strike
0-1: Ball
1-1: Ground out 5-3 (Groundball, 15, EV 80.6 MPH)
Batting: SHB Phil Román 0-0: Ball
1-0: Ball
2-0: Called Strike
2-1: Swinging Strike
2-2: Foul Ball, location: 2F
2-2: Foul Ball, location: 2F
2-2: Ball
3-2: Foul Ball, location: 9LSF
3-2: Strikes out swinging
Batting: RHB Steve Mason 0-0: Ball
1-0: Foul Ball, location: 9LSF
1-1: SOLO HOME RUN (Line Drive, 78XD, EV 107.5 MPH), Distance : 427 ft
Batting: RHB Dylan Younger 0-0: Swinging Strike
0-1: Foul Ball, location: 5SF
0-2: Ball
1-2: Hit by Pitch
Batting: RHB Jesús Gonzáles 0-0: Ball
1-0: Fielders Choice at 2nd, 5-4 (Groundball, 56, EV 87.5 MPH)
Bottom of the 4th over - 1 run, 1 hit, 0 errors, 1 left on base; Myrtle Beach 2 - Augusta 4
TOP OF THE 5TH
Myrtle Beach Pelicans batting - Pitching for Augusta GreenJackets : LHP Gus Jacobs
Batting: RHB Ernesto López 0-0: Foul Ball, location: 23F
0-1: Foul Ball, location: 3DF
0-2: Strikes out swinging
Batting: RHB Orlando Merhil 0-0: Foul Ball, location: 2F
0-1: Fly out, F8 (Flyball, 8RM, EV 90.0 MPH)
Batting: RHB José Rivera 0-0: Ball
1-0: Foul Ball, location: 5F
1-1: DOUBLE (Line Drive, 7LM, EV 103.8 MPH)
Batting: RHB Derek Miller 0-0: Ball
1-0: Called Strike
1-1: Swinging Strike
1-2: Strikes out looking
Top of the 5th over - 0 runs, 1 hit, 0 errors, 1 left on base; Myrtle Beach 2 - Augusta 4
BOTTOM OF THE 5TH
Augusta GreenJackets batting - Pitching for Myrtle Beach Pelicans : LHP Joe Hartley
Batting: RHB Sam Nicholas 0-0: Ball
1-0: Ball
2-0: Ball
3-0: Called Strike
3-1: Called Strike
3-2: Foul Ball, location: 5F
3-2: Foul Ball, location: 2F
3-2: Strikes out looking
Pitching: RHP Jeff Lane
Batting: LHB Raúl Flores 0-0: SINGLE (Groundball, 34D, EV 95.6 MPH)
Batting: RHB José García 0-0: Called Strike
0-1: Swinging Strike
0-2: Ball
1-2: SINGLE (Groundball, 6D, EV 98.1 MPH)
Raúl Flores to second
Batting: LHB David Cruz 0-0: Called Strike
0-1: Swinging Strike
0-2: Grounds into double play, 4-6-3 (Groundball, 4M, EV 83.1 MPH)
Bottom of the 5th over - 0 runs, 2 hits, 0 errors, 1 left on base; Myrtle Beach 2 - Augusta 4
TOP OF THE 6TH
Myrtle Beach Pelicans batting - Pitching for Augusta GreenJackets : LHP Gus Jacobs
Batting: SHB Freddy Sandoval 0-0: Ball
1-0: Ball
2-0: Ball
3-0: Called Strike
3-1: Ground out 6-3 (Groundball, 56, EV 105.0 MPH)
Batting: RHB Nick Whitehead 0-0: Called Strike
0-1: Ground out 2-3 (Groundball, 2R, EV 65.0 MPH)
Batting: RHB Doug Cook 0-0: Foul Ball, location: 2F
0-1: Ball
1-1: Ball
2-1: Called Strike
2-2: Foul Ball, location: 7LDF
2-2: Strikes out swinging
Top of the 6th over - 0 runs, 0 hits, 0 errors, 0 left on base; Myrtle Beach 2 - Augusta 4
BOTTOM OF THE 6TH
Augusta GreenJackets batting - Pitching for Myrtle Beach Pelicans : RHP Jeff Lane
Batting: RHB Steve Roberts 0-0: Called Strike
0-1: Hit by Pitch
Batting: SHB Phil Román 0-0: Sac Bunt to 5S - play at first, batter OUT! 5-3
Steve Roberts to second
Batting: RHB Steve Mason 0-0: Swinging Strike
0-1: Called Strike
0-2: Ball
1-2: Strikes out looking
Batting: RHB Dylan Younger 0-0: Fly out, F7 (Flyball, 78S, EV 90.6 MPH)
Bottom of the 6th over - 0 runs, 0 hits, 0 errors, 1 left on base; Myrtle Beach 2 - Augusta 4
TOP OF THE 7TH
Myrtle Beach Pelicans batting - Pitching for Augusta GreenJackets : LHP Gus Jacobs
Pitching: RHP Miguel Angel Duarte
Batting: RHB Ernesto Salas 0-0: Called Strike
0-1: Foul Ball, location: 3DF
0-2: Ball
1-2: Foul Ball, location: 23F
1-2: Ball
2-2: Strikes out looking
Pinch Hitting: RHB Juan Jose Gómez 0-0: Foul Ball, location: 9LDF
0-1: Swinging Strike
0-2: Strikes out swinging
Pinch Hitting: LHB José Velázquez 0-0: Ground out 5-3 (Groundball, 56S, EV 75.6 MPH)
Top of the 7th over - 0 runs, 0 hits, 0 errors, 0 left on base; Myrtle Beach 2 - Augusta 4
BOTTOM OF THE 7TH
Augusta GreenJackets batting - Pitching for Myrtle Beach Pelicans : RHP Jeff Lane
Now at 1B: Alfredo Hernández
Now in LF: José Velázquez
Batting: RHB Jesús Gonzáles 0-0: Ball
1-0: Ball
2-0: Foul Ball, location: 2F
2-1: Ball
3-1: Foul Ball, location: 2F
3-2: Base on Balls
Batting: RHB Sam Nicholas 0-0: Ball
1-0: Ball
2-0: Bunted foul
2-1: Sac Bunt to 13 - play at first, batter OUT! 1-3
Jesús Gonzáles to second
Batting: LHB Raúl Flores 0-0: Foul Ball, location: 3FF
0-1: Foul Ball, location: 2F
0-2: Foul Ball, location: 5F
0-2: Foul Ball, location: 3F
0-2: Strikes out looking
Batting: RHB José García 0-0: Ball
1-0: Ground out 6-3 (Groundball, 6S, EV 86.9 MPH)
Bottom of the 7th over - 0 runs, 0 hits, 0 errors, 1 left on base; Myrtle Beach 2 - Augusta 4
TOP OF THE 8TH
Myrtle Beach Pelicans batting - Pitching for Augusta GreenJackets : RHP Miguel Angel Duarte
Batting: RHB Orlando Merhil 0-0: Swinging Strike
0-1: Ball
1-1: Ball
2-1: Foul Ball, location: 25F
2-2: Foul Ball, location: 25FF
2-2: Strikes out swinging
Batting: RHB José Rivera 0-0: Ground out 4-3 (Groundball, 4, EV 105.0 MPH)
Batting: RHB Derek Miller 0-0: Fly out, F9 (Flyball, 89M, EV 88.1 MPH)
Top of the 8th over - 0 runs, 0 hits, 0 errors, 0 left on base; Myrtle Beach 2 - Augusta 4
BOTTOM OF THE 8TH
Augusta GreenJackets batting - Pitching for Myrtle Beach Pelicans : RHP Jeff Lane
Batting: LHB David Cruz 0-0: Called Strike
0-1: Ball
1-1: Ground out 4-3 (Groundball, 4S, EV 66.9 MPH)
Batting: RHB Steve Roberts 0-0: Ball
1-0: Called Strike
1-1: Called Strike
1-2: Ball
2-2: SINGLE (Groundball, 6MD, EV 98.1 MPH)
Batting: SHB Phil Román 0-0: Called Strike
0-1: Called Strike
0-2: Ball
1-2: Strikes out swinging
Batting: RHB Steve Mason 0-0: Ball
1-0: Ball
2-0: Swinging Strike
2-1: Foul Ball, location: 2F
2-2: Strikes out swinging
Bottom of the 8th over - 0 runs, 1 hit, 0 errors, 1 left on base; Myrtle Beach 2 - Augusta 4
TOP OF THE 9TH
Myrtle Beach Pelicans batting - Pitching for Augusta GreenJackets : RHP Miguel Angel Duarte
Pitching: LHP Jesús Hernández
Now in LF: José Sullivan
Now in RF: Ed Randolph
Batting: SHB Freddy Sandoval 0-0: Foul Ball, location: 9LSF
0-1: Foul Ball, location: 2F
0-2: Ball
1-2: Ball
2-2: Strikes out swinging
Batting: RHB Nick Whitehead 0-0: Called Strike
0-1: Ball
1-1: Called Strike
1-2: Foul Ball, location: 9LDF
1-2: Strikes out swinging
Batting: RHB Doug Cook 0-0: Ball
1-0: Ball
2-0: Called Strike
2-1: Foul Ball, location: 2F
2-2: Foul Ball, location: 3F
2-2: Strikes out swinging
Top of the 9th over - 0 runs, 0 hits, 0 errors, 0 left on base; Myrtle Beach 2 - Augusta 4
Friday, May 3rd , 2024 - OOTP Baseball 24.10 Build 82